Map: Pilares de oro EE

Players

Kenobi

  • Race: Terran Terran
  • League: Gold
  • Spawn Location: 7:00

MrFercho - Winner!

  • Race: Zerg Zerg
  • League: Gold
  • Spawn Location: 1:00

VOD

Have the link to the VOD?

Description

Time

  • Played on: July 20, 2020, 10:51 p.m.
  • Length: 17:12
Show
View Real Time Build Order
Export as new Build Order

Kenobi Terran 

Build Orders:  

Get SALT Encoding   

  12  0:01  SCV  
  13  0:13  SCV  
  14  0:18  Supply Depot  
  14  0:25  SCV  
  15  0:41  Supply Depot, SCV  
  16  0:50  Barracks  
  16  1:13  SCV  
  17  1:18  Refinery  
  17  1:20  Refinery  
  17  1:25  Engineering Bay  
  17  1:27  SCV  
  18  1:46  Bunker  
  18  1:47  SCV  
  19  1:50  Barracks  
  19  2:02  Barracks  
  19  2:06  SCV  
  20  2:10  Barracks Reactor  
  20  2:18  SCV  
  21  2:30  Orbital Command  
  21  2:41  Marine  
  22  2:46  Marine x2  
  22  2:50  Marine  
  25  2:59  Marine  
  25  3:00  Factory  
  25  3:02  SCV  
  27  3:06  Marine  
  29  3:14  Marine  
  24  3:42  Command Center  
  24  3:44  Widow Mine  
  24  3:47  Marine x2  
  28  3:52  SCV  
  29  4:02  Starport  
  29  4:14  Factory Tech Lab  
  29  4:19  SCV  
  30  4:25  Marine  
  30  4:26  Marine  
  30  4:53  Siege Tank  
  30  4:58  Command Center  
  30  5:15  Orbital Command  
  26  5:23  Starport Tech Lab  
  26  5:25  Siege Tank  
  29  5:34  Fusion Core  
  29  5:43  Bunker  
  29  5:51  Marine  
  29  5:53  Marine  
  31  5:57  Marine  
  32  6:08  SCV x2  
  34  6:22  Missile Turret  
  34  6:25  Terran Infantry Weapons Level 1  
  34  6:26  Barracks Reactor, Barracks Tech Lab  
  34  6:34  Supply Depot  
  34  6:38  SCV  
  35  6:42  Planetary Fortress  
  35  6:47  Combat Shield  
  35  6:50  Marine x3  
  38  6:54  SCV  
  39  7:15  Battlecruiser  
  45  7:24  Siege Tank  
  45  7:27  SCV  
  49  7:32  Marine x3  
  49  7:33  Marine x2  
  54  7:50  Marine x4  
  54  7:51  Marine  
  59  7:58  Bunker  
  59  8:01  Orbital Command  
  59  8:09  Bunker  
  59  8:12  Missile Turret  
  59  8:15  Bunker  
  59  8:18  Missile Turret  
  59  8:35  Missile Turret  
  59  8:39  Missile Turret  
  59  8:40  Missile Turret  
  59  8:42  SCV x2  
  59  8:44  SCV  
  62  8:50  Supply Depot  
  62  9:00  SCV x2  
  64  9:04  Refinery  
  64  9:08  Refinery  
  64  9:13  Supply Depot  
  64  10:23  SCV x3  
  61  10:35  SCV  
  62  10:44  SCV x2  
  62  10:47  Battlecruiser, SCV  
  62  10:48  Supply Depot  
  62  10:49  Siege Tank  
  74  10:52  Marauder, Marine x3  
  74  10:53  Marine  
  74  10:54  Stimpack  
  74  10:56  SCV x2  
  82  10:59  SCV  
  83  11:04  Barracks  
  83  11:08  Barracks, SCV  
  83  11:10  Barracks, Supply Depot, Marine  
  85  11:13  Marauder  
  85  11:17  Engineering Bay  
  87  11:20  Terran Infantry Armor Level 1  
  87  11:22  Armory  
  84  11:33  SCV x3  
  87  11:45  SCV  
  88  11:57  Barracks  
  88  12:06  Barracks Tech Lab x2  
  88  12:11  Barracks Tech Lab  
  88  12:13  Terran Infantry Weapons Level 2  
  88  12:16  SCV x3  
  91  12:28  SCV  
  92  12:32  SCV x2  
  92  12:35  Marauder x2  
  92  12:36  Marauder  
  100  12:42  Supply Depot  
  100  12:43  Supply Depot  
  100  12:44  Supply Depot  
  100  12:45  Supply Depot  
  100  13:04  Marauder x4  
  108  13:06  Supply Depot x2  
  108  13:08  Battlecruiser  
  108  13:09  Supply Depot  
  108  13:11  Command Center  
  102  13:22  Supply Depot  
  102  13:25  Marauder x2  
  87  14:12  Battlecruiser  
  93  14:39  Missile Turret  
  93  15:09  Orbital Command  
  93  15:14  Sensor Tower  
  93  15:16  Raven  
  93  15:20  Missile Turret  
  73  15:39  Marine x8  
  82  15:55  Barracks Reactor  
  82  15:57  Marine x8  
  89  16:07  SCV  
  84  16:14  Marine  
  84  16:15  Marine x3  
  60  16:48  Marine  
  60  16:49  Marine x9  
Show
View Real Time Build Order
Export as new Build Order

MrFercho Zerg - Winner!

Build Orders: Hatch First, Lurkers, Zergling Baneling 

Get SALT Encoding   

  12  0:01  Drone  
  13  0:16  Overlord  
  13  0:18  Drone  
  14  0:34  Drone x2  
  16  0:50  Drone  
  16  0:51  Drone  
  18  1:02  Hatchery  
  17  1:06  Extractor, Drone  
  17  1:20  Spawning Pool  
  17  1:21  Drone  
  17  1:24  Drone  
  18  1:32  Drone  
  19  1:43  Overlord  
  19  1:54  Drone  
  20  2:07  Zergling x2  
  21  2:11  Queen  
  21  2:15  Zergling x2  
  24  2:17  Zergling x2  
  24  2:20  Metabolic Boost  
  25  2:29  Zergling x2  
  26  2:30  Zergling x2, Spine Crawler  
  26  2:38  Zergling x4  
  28  2:45  Queen  
  28  2:47  Drone  
  28  2:48  Drone  
  32  2:57  Baneling Nest  
  31  2:59  Zergling x4  
  32  3:32  Drone x4  
  36  3:35  Overlord x3  
  36  3:52  Overlord x3  
  36  3:55  Drone  
  37  4:06  Baneling  
  37  4:07  Baneling x9  
  37  4:08  Zergling x4  
  33  4:35  Zergling x2  
  33  4:36  Zergling x10  
  39  4:40  Baneling x3  
  39  4:46  Zergling x2  
  39  4:47  Zergling x4  
  39  4:51  Drone x4  
  43  5:20  Zergling x2  
  43  5:21  Zergling x8  
  47  5:23  Baneling x4  
  47  5:24  Baneling  
  47  5:34  Drone x4  
  51  5:38  Extractor  
  51  5:40  Extractor  
  49  6:09  Drone x11  
  60  6:15  Queen  
  60  6:18  Lair  
  62  6:21  Drone  
  63  6:44  Hatchery  
  62  6:47  Evolution Chamber  
  62  6:53  Evolution Chamber  
  60  7:13  Extractor, Drone x3  
  62  7:16  Drone  
  63  7:23  Hydralisk Den  
  63  7:24  Drone  
  63  7:25  Drone x12  
  75  7:40  Hatchery  
  75  7:44  Zergling x10  
  79  7:56  Zerg Melee Weapons Level 1, Zerg Missile Weapons Level 1  
  79  8:01  Overlord x3  
  79  8:02  Overlord  
  79  8:07  Drone x4  
  79  8:08  Extractor x2  
  81  8:16  Spore Crawler  
  81  8:17  Spore Crawler  
  79  8:21  Spine Crawler, Drone x2  
  79  8:22  Drone x2  
  79  8:24  Overseer  
  82  8:28  Overseer x2  
  82  8:29  Overseer  
  82  8:38  Drone  
  82  8:39  Drone x2  
  82  8:40  Drone x2  
  82  8:41  Drone  
  88  8:43  Drone  
  88  8:47  Muscular Augments  
  89  8:52  Infestation Pit  
  88  9:03  Lurker Den, Centrifical Hooks  
  88  9:05  Zergling x2  
  88  9:06  Zergling x8  
  88  9:08  Hydralisk x5  
  102  9:13  Spore Crawler  
  102  9:16  Spore Crawler  
  100  9:21  Spine Crawler  
  99  9:25  Spine Crawler  
  94  9:48  Spore Crawler x2  
  94  9:50  Hydralisk x17  
  124  9:59  Grooved Spines  
  117  10:30  Hive  
  117  10:35  Spire  
  117  10:40  Queen  
  118  10:50  Overlord x2  
  118  10:51  Overlord x3  
  118  10:52  Zergling x14  
  118  10:53  Zergling x4  
  118  10:54  Zerg Missile Weapons Level 2  
  118  10:55  Zerg Ground Armor Level 1  
  127  11:31  Lurker x4  
  127  11:32  Lurker x2  
  132  11:36  Hydralisk x13  
  158  11:43  Drone x5  
  158  11:46  Adaptive Talons  
  163  12:05  Extractor  
  163  12:06  Hatchery  
  161  12:30  Greater Spire  
  161  12:44  Seismic Spines  
  161  12:48  Zerg Melee Weapons Level 2  
  113  13:34  Hydralisk x17  
  98  13:35  Hydralisk x8  
  130  13:55  Overlord x3  
  130  13:56  Overlord x4  
  130  14:19  Corruptor x8  
  130  14:23  Drone x3  
  130  14:24  Drone x7  
  150  14:32  Extractor  
  149  14:57  Brood Lord  
  149  14:59  Brood Lord  
  154  15:14  Drone x6  
  157  15:28  Hatchery  
  148  15:31  Extractor  
  148  15:35  Extractor  
  146  15:39  Zergling x2  
  146  15:40  Zergling x28  
  161  16:13  Baneling x10  
  161  16:14  Baneling x3  
Tags
 
League
GoldGold
Matchup
TvZ
Replay Pack
MrFercho
Spawn Locations
Cross Positions
Add a new tag
Caveats
  • Supply blocks, unpowered buildings, or Contaminate may cause inaccurate times.
  • Supply counts are checked every 10 seconds.